 Dungeon Crawl Stone Soup version 0.26-a0-651-gb41185065b (console) character file.

Game seed: 14240234419707907705

18664 om the Nimble (level 12, -19/77 HPs)
             Began as a Green Draconian Ice Elementalist on Sept 30, 2020.
             Was an Elder of Vehumet.
             Killed from afar by a wretched star (26 damage)
             ... with a lance of force
             ... on level 1 of the Abyss.
             The game lasted 00:39:35 (17865 turns).

om the Nimble (Green Draconian Ice Elementalist)   Turns: 17865, Time: 00:39:36

Health: -19/77     AC:  9    Str: 10    XL:     12   Next: 29%
Magic:  8/24       EV: 17    Int: 21    God:    Vehumet [****..]
Gold:   941        SH:  4    Dex: 10    Spells: 11/27 levels left

rFire    . . .     SeeInvis .   b - staff of conjuration
rCold    . . .     Faith    .   z - +0 buckler
rNeg     . . .     Spirit   .   (armour unavailable)
rPois    +         Reflect  .   (helmet restricted)
rElec    .         Harm     .   Q - +0 cloak
rCorr    .         Rampage  .   (no gloves)
MR       .....     Rnd*Tele +   (no boots)
Stlth    +++.......             (no amulet)
HPRegen  0.22/turn              o - +6 ring of intelligence
MPRegen  0.19/turn              O - ring of stealth

@: short of breath
A: breathe noxious fumes, unfitting armour, [blurry vision 3], [clumsy 2],
[frail 2], poison resistance, [teleportitis 2], [weak 2], [no potion heal 2],
cold-blooded, AC +8
a: Breathe Noxious Fumes, Renounce Religion


You were on level 1 of the Abyss.
You worshipped Vehumet.
Vehumet was greatly pleased with you.
You visited 2 branches of the dungeon, and saw 13 of its levels.
You visited the Abyss 1 time.
You also visited: Sewer and Ossuary.

You collected 941 gold pieces.

Inventory:

Hand Weapons
 a - a +0 trident
 d - a +0 dagger
Armour
 y - a +0 kite shield
 z - a +0 buckler (worn)
 Q - a +0 cloak (worn)
Magical Staves
 b - an uncursed staff of conjuration (weapon)
 R - an uncursed staff of fire
 T - a cursed staff of cold
Jewellery
 g - an uncursed ring of see invisible
 o - a +6 ring of intelligence (left hand)
 x - a +6 ring of strength
 H - an uncursed ring of flight
 K - an uncursed ring of protection from cold
 M - a +6 ring of strength
 O - a ring of stealth (right hand)
Wands
 p - a wand of polymorph (20)
 s - a wand of flame (27)
 u - a wand of digging (7)
 v - a wand of disintegration (36)
 w - a wand of random effects (22)
 B - a wand of enslavement (17)
 C - a wand of iceblast (8)
Scrolls
 e - a scroll of noise
 f - 3 scrolls of magic mapping
 h - 11 scrolls of remove curse
 l - 3 scrolls of teleportation
 m - 2 scrolls of blinking
 t - 3 scrolls of fear {unknown}
 A - 2 scrolls of fog {unknown}
 D - 2 scrolls of enchant weapon
 J - a scroll of summoning {unknown}
 L - a scroll of brand weapon {unknown}
 S - a scroll of enchant armour {unknown}
 U - a scroll of identify
Potions
 c - 10 potions of might
 i - 7 potions of flight
 j - 5 potions of brilliance
 k - 11 potions of curing
 n - 2 potions of heal wounds
 q - 2 potions of magic
 r - a potion of cancellation {unknown}
 E - 2 potions of resistance
 F - a potion of lignification {unknown}
 G - 2 potions of stabbing
 I - 2 potions of ambrosia
 N - 2 potions of degeneration {unknown}
Miscellaneous
 P - a box of beasts (3/3)


   Skills:
 + Level 6.4 Fighting
 + Level 4.0 Staves
 + Level 10.6 Dodging
 - Level 3.0 Stealth
 + Level 4.5 Shields
 + Level 8.2 Spellcasting
 + Level 7.1 Conjurations
 + Level 2.6 Hexes
 + Level 3.5 Summonings
 - Level 7.0 Ice Magic
 - Level 5.0 Evocations


You had 11 spell levels left.
You knew the following spells:

 Your Spells              Type           Power        Failure   Level
a - Freeze                Ice            ####         1%          1
b - Frozen Ramparts       Ice            #####.       1%          3
c - Magic Dart            Conj           ####         1%          1
d - Hailstorm             Conj/Ice       ######..     1%          4
e - Summon Ice Beast      Ice/Summ       ####....     9%          4
f - Dazzling Flash        Conj/Hex       #####.       1%          3

Your spell library contained the following spells:

 Spells                   Type           Power        Failure   Level
 Ozocubu's Armour         Ice            #####...     1%          3


Dungeon Overview and Level Annotations

Branches:
Dungeon (12/15)            Temple (1/1) D:6            Lair (0/6) D:10
    Orc (0/2) D:11          Sewer (visited)         Ossuary (visited)

Altars:
Ashenzari
Cheibriados
Dithmenos
Elyvilon
Fedhas
Gozag
Hepliaklqana
Kikubaaqudgha
Makhleb
Nemelex Xobeh
Okawaru
Qazlal
Ru
Sif Muna
Trog
Uskayaw
Vehumet
Wu Jian
Xom
Yredelemnul
Zin
The Shining One

Shops:
D:5 (

Annotations:
D:3 1 runed translucent door, Grenfur's ghost, amateur MiBe
D:7 3 runed translucent doors, droidtality's ghost, novice DDFi
D:12 Sonja


Innate Abilities, Weirdness & Mutations

You can breathe blasts of noxious fumes.
Your lurid green scales are hard. (AC +8)
You cannot fit into any form of body armour.
Your system is resistant to poisons. (rPois)
You are cold-blooded and may be slowed by cold attacks.
[Scrolls take you much longer to read.]
[You are very clumsy. (Dex -4)]
[You are very frail. (-20% HP)]
[You are sometimes teleported next to monsters.]
[You are very weak. (Str -4)]
[Potions are poor at restoring your health.]


Message History

The wretched star is almost destroyed.
The wretched star resists.
The wall freezes the wretched star.
The wretched star glows turbulently.
The lance of force hits you!
* * * LOW HITPOINT WARNING * * *
You are knocked back by the lance of force.
You slam into the rock wall!
* * * LOW HITPOINT WARNING * * *
Casting: Magic Dart (safe; 1% risk of failure)
Confirm with . or Enter, or press ? or * to list all spells.
Aiming: Magic Dart (safe; 1% risk of failure)
Press: ? - help, Shift-Dir - straight line, f/p - wretched star
Aim: a wretched star (almost destroyed)
You feel a surge of power!
The magic dart hits the wretched star but does no damage.
The wretched star is almost destroyed.
The frozen ramparts melt away.
The wretched star glows turbulently.
The lance of force hits you!!
You die...

. ..... . . .
...... . . . ..
.. #.. ## #.# # .
≈ # ## #....# . .
#.. ... ##. . ≈ .
#....##.##. . . #
.##....#..#..
###. .
#......#..#
...(..... . # #
.#.#.#*####...# .
≈
.##.#.##...@...#
≈≈
.####.##.#....#
#...#......###..#
#.. ##....##
#.#.# # ##..X.#.
.# # .......# # #
.. # .###..# . ♣
.## . . ..## ## #


You could see a tentacled starspawn and a wretched star.

Vanquished Creatures
  Snorg (D:11)
  Harold (D:9)
  A centaur warrior (D:11)
  Erica (D:11)
  4 two-headed ogres
  Nergalle (D:11)
  Pikel (D:4)
  3 cyclopes
  Joseph (D:9)
  A kobold demonologist (D:12)
  7 hippogriffs
  Sigmund (D:4)
  A wyvern (D:8)
  21 yaks
  A wraith (D:12)
  A large abomination (Abyss:1)
  A soldier ant (D:12)
  A water moccasin (D:7)
  3 orc warriors
  A sky beast (D:10)
  Purgy (Sewer)
  A black bear (D:6)
  A hornet zombie (D:10)
  3 ice beasts
  A phantom (D:7)
  3 ogres
  9 centaurs
  A crocodile (D:12)
  A lemure (D:4)
  4 elf zombies (Ossuary)
  3 big kobolds
  5 bullfrogs
  A gnoll sergeant (D:10)
  11 scorpions
  5 killer bees (D:10)
  4 wights (D:9)
  2 howler monkeys
  7 centaur zombies
  A bullfrog zombie (D:10)
  3 human zombies (Ossuary)
  3 hounds
  4 jellies
  8 orc priests
  2 centaur skeletons (D:4)
  6 orc wizards
  2 bullfrog skeletons
  3 iguanas
  Ijyb (D:5)
  Natasha (thrice) (D:4)
  5 worker ants
  A killer bee zombie (D:6)
  2 hound zombies
  2 hound skeletons
  4 mummies
  2 worker ant zombies
  15 adders
  10 gnolls
  2 howler monkey skeletons
  4 shadow imps
  2 white imps
  An adder zombie (D:7)
  2 oozes
  2 adder skeletons
  4 worms
  3 dart slugs
  9 leopard geckos
  53 orcs
  8 bats
  9 giant cockroaches
  8 goblins
  5 hobgoblins
  7 jackals
  7 quokkas
  5 ball pythons
  5 frilled lizards
  2 jackal skeletons
  16 kobolds
  A leopard gecko skeleton (D:6)
  A leopard gecko zombie (D:8)
  5 rats
354 creatures vanquished.

Vanquished Creatures (collateral kills)
  An acid dragon (D:11)
  A killer bee (D:10)
  A howler monkey (D:9)
  2 electric eels (D:9)
  A leopard gecko skeleton (D:9)
6 creatures vanquished.

Vanquished Creatures (others)
  13 fungi
  4 toadstools (D:5)
17 creatures vanquished.

Grand Total: 377 creatures vanquished

Notes
Turn   | Place    | Note
-------+----------+-------------------------------------------
     0 | D:1      | om the Draconian Ice Elementalist began the quest for the
                  | Orb.
     0 | D:1      | Reached XP level 1. HP: 14/14 MP: 3/3
   168 | D:1      | Reached XP level 2. HP: 20/20 MP: 0/5
   523 | D:1      | Reached skill level 2 in Dodging
   926 | D:1      | Reached XP level 3. HP: 26/26 MP: 3/6
  1297 | D:2      | Learned a level 3 spell: Frozen Ramparts
  1862 | D:2      | Reached XP level 4. HP: 31/33 MP: 4/8
  1920 | D:2      | Found a sparkling altar of Nemelex Xobeh.
  2419 | D:3      | Found a runed translucent door.
  2434 | D:3      | Noticed Grenfur's ghost (amateur MiBe)
  2932 | D:4      | Noticed Natasha
  2943 | D:4      | Killed Natasha
  2943 | D:4      | Reached skill level 5 in Ice Magic
  2943 | D:4      | Reached XP level 5. HP: 26/38 MP: 4/9
  3239 | D:4      | Noticed Natasha
  3244 | D:4      | Killed Natasha
  3298 | D:4      | Noticed Pikel
  3298 | D:4      | Noticed a lemure
  3298 | D:4      | Noticed a lemure
  3298 | D:4      | Noticed a lemure
  3298 | D:4      | Noticed a lemure
  3304 | D:4      | Killed a lemure
  3305 | D:4      | Killed Pikel
  3305 | D:4      | Reached skill level 5 in Dodging
  3305 | D:4      | Reached XP level 6. HP: 42/45 MP: 3/10
  3305 | D:4      | Your scales start taking on a lurid green colour.
  3305 | D:4      | Reached XP level 7. HP: 46/50 MP: 3/11
  3305 | D:4      | Gained mutation: Your system is resistant to poisons.
                  | (rPois) [Green Draconian growth]
  3377 | D:4      | Found a glowing drain.
  3387 | Sewer    | Entered a sewer
  3468 | Sewer    | Noticed Purgy
  3477 | Sewer    | Killed Purgy
  3986 | D:4      | Reached skill level 6 in Dodging
  4041 | D:4      | Noticed Sigmund
  4052 | D:4      | Killed Sigmund
  4183 | D:4      | Reached XP level 8. HP: 23/57 MP: 8/12
  4396 | D:4      | Noticed Natasha
  4400 | D:4      | Killed Natasha
  4400 | D:4      | Reached skill level 7 in Dodging
  4753 | D:5      | Entered Level 5 of the Dungeon
  4781 | D:5      | Noticed Ijyb
  4789 | D:5      | Killed Ijyb
  4835 | D:5      | Found Mefapisi's Antique Weapon Shop.
  4987 | D:5      | Noticed a +0 dagger
  4988 | D:5      | Noticed a +0 dagger
  4989 | D:5      | Found a hide-covered altar of Uskayaw.
  5503 | D:6      | Reached skill level 1 in Evocations
  6061 | D:5      | Reached skill level 1 in Fighting
  6480 | D:6      | Reached skill level 1 in Shields
  6897 | D:6      | Found an iron altar of Okawaru.
  7026 | D:6      | Found a staircase to the Ecumenical Temple.
  7039 | Temple   | Entered the Ecumenical Temple
  7108 | Temple   | Became a worshipper of Vehumet
  7562 | D:6      | Reached XP level 9. HP: 29/70 MP: 14/14
  7832 | D:7      | Found a sand-covered staircase.
  7839 | Ossuary  | Entered an ossuary
  8612 | Ossuary  | Reached skill level 8 in Dodging
  9166 | D:7      | Reached * piety under Vehumet
  9166 | D:7      | Offered knowledge of Magic Dart by Vehumet.
  9170 | D:7      | Learned a level 1 spell: Magic Dart
  9489 | D:7      | Found an opulent altar of Gozag.
  9507 | D:7      | Reached skill level 5 in Fighting
  9698 | D:7      | Found a runed translucent gate.
  9698 | D:7      | Found a runed translucent gate.
  9698 | D:7      | Found a runed translucent gate.
  9700 | D:7      | Noticed droidtality's ghost (novice DDFi)
  9727 | D:7      | Reached skill level 1 in Conjurations
 10020 | D:7      | Found a shadowy altar of Dithmenos.
 10316 | D:8      | Found a white marble altar of Elyvilon.
 10435 | D:8      | Noticed a two-headed ogre
 10511 | D:8      | Found an ornate altar of the Wu Jian Council.
 10637 | D:8      | Found a basalt altar of Yredelemnul.
 10716 | D:8      | Found an ancient bone altar of Kikubaaqudgha.
 11321 | D:9      | Noticed Joseph
 11332 | D:9      | HP: 3/74 [Joseph/+0 quarterstaff (28)]
 11337 | D:9      | Killed Joseph
 11337 | D:9      | Reached XP level 10. HP: 33/81 MP: 15/17
 11750 | D:9      | Noticed Harold
 11781 | D:9      | Killed Harold
 11781 | D:9      | Reached skill level 5 in Spellcasting
 11781 | D:9      | Reached skill level 5 in Evocations
 12152 | D:9      | Learned a level 4 spell: Hailstorm
 12157 | D:9      | Learned a level 4 spell: Summon Ice Beast
 12322 | D:9      | Offered knowledge of Shock by Vehumet.
 12336 | D:9      | Reached ** piety under Vehumet
 12480 | D:9      | Reached skill level 9 in Dodging
 13411 | D:10     | Entered Level 10 of the Dungeon
 13751 | D:10     | Reached skill level 5 in Conjurations
 14017 | D:10     | Offered knowledge of Inner Flame by Vehumet.
 14390 | D:10     | Reached XP level 11. HP: 86/86 MP: 13/21
 14528 | D:10     | Found a staircase to the Lair.
 14623 | D:10     | Noticed a two-headed ogre
 14641 | D:10     | Killed a two-headed ogre
 14939 | D:10     | Reached *** piety under Vehumet
 15445 | D:11     | Noticed a two-headed ogre
 15465 | D:11     | Killed a two-headed ogre
 15465 | D:11     | Reached skill level 10 in Dodging
 15539 | D:11     | Offered knowledge of Static Discharge by Vehumet.
 15637 | D:11     | Found a staircase to the Orcish Mines.
 15648 | D:11     | Reached **** piety under Vehumet
 15815 | D:11     | Noticed a centaur warrior
 15839 | D:11     | Killed a centaur warrior
 15839 | D:11     | Reached skill level 1 in Staves
 15839 | D:11     | Reached skill level 1 in Summonings
 15841 | D:11     | Noticed Nergalle
 15871 | D:11     | Killed Nergalle
 16104 | D:11     | Offered knowledge of Dazzling Flash by Vehumet.
 16112 | D:11     | Learned a level 3 spell: Dazzling Flash
 16367 | D:11     | Noticed a two-headed ogre
 16376 | D:11     | Reached skill level 1 in Hexes
 16380 | D:11     | Killed a two-headed ogre
 16444 | D:11     | Noticed Erica
 16477 | D:11     | Killed Erica
 16783 | D:11     | Noticed Snorg
 16804 | D:11     | Killed Snorg
 16804 | D:11     | Reached XP level 12. HP: 53/96 MP: 18/24
 17307 | D:12     | Noticed a two-headed ogre
 17321 | D:12     | Killed a two-headed ogre
 17700 | D:12     | Noticed Sonja
 17712 | D:12     | Cast into level 1 of the Abyss (Sonja)
 17766 | Abyss:1  | Noticed a starcursed mass
 17860 | Abyss:1  | Noticed a tentacled starspawn
 17865 | Abyss:1  | Killed from afar by a wretched star

Illustrated notes

Levels and vault maps discovered:
D:1:      lightli_arrival_noodles, layout_rooms
D:2:      layout_loops_ring, nemelex_xobeh_ov_fountains_minmay,
          grunt_ministairs_15
D:3:      layout_rooms, gammafunk_ghost_grave, minmay_pentomino_pile
D:4:      layout_gridville, cheibrodos_sewer_entry_drain,
          minmay_misc_feat_alley, uniq_natasha, uniq_pikel, uniq_sigmund
D:5:      layout_rooms, dancing_weapons_uskayaw, serial_shops,
          nicolae_shop_trees, chequers_serial_rivers_small_3,
          grunt_ministairs_4, minmay_gold_behind_fungi,
          hangedman_decor_slide_cut, uniq_ijyb
D:6:      layout_basic, minmay_temple_entry_proselytizer,
          chequers_hall_statues_y, okawaru_altar_gauntlet_db
D:7:      layout_basic, nicolae_gozag_cash_rules_everything_around_me,
          grunt_dithmenos_shadows, gammafunk_ghost_necromancy,
          gup_ossuary_entry_pyramid, minivault_24
D:8:      layout_gridville, yredelemnul_altar_generic,
          nicolae_overflow_hidden_temple, lemuel_coloured_pillars_altar,
          lemuel_doored_altar, feat_on_display
D:9:      old_forge, layout_basic, uniq_harold, uniq_joseph
D:10:     layout_irregular_city, lair_entry_dummy
D:11:     layout_long_grid, hiddenorc2_lemuel, uniq_erica, uniq_snorg,
          uniq_nergalle
D:12:     layout_roguey, uniq_sonja
Temple:   cyrus_circular_temple
Abyss:1:  base: D:1, guppyfry_abyss_exit_imp_island, lemuel_flamethrower_3

Skill      XL: |  1  2  3  4  5  6  7  8  9 10 11 12 |
---------------+-------------------------------------+-----
Stealth        | 2 3 |  3.0
Dodging        | 2 5 6 7 8 9 10 | 10.6
Spellcasting   | 3 4 6 8 |  8.2
Ice Magic      | 5 6 7 |  7.0
Evocations     | 2 4 5 |  5.0
Fighting       | 3 5 6 |  6.4
Shields        | 2 3 4 |  4.5
Conjurations   | 2 5 6 7 |  7.1
Staves         | 3 4 |  4.0
Summonings     | 3 |  3.5
Hexes          | 2 |  2.6

Action                   |  1- 3 |  4- 6 |  7- 9 | 10-12 || total
-------------------------+-------+-------+-------+-------++-------
Melee: Dagger            |    86 |    41 |       |       ||   127
       Tailslap          |    11 |     4 |    86 |    47 ||   148
       Unarmed           |     2 |       |       |       ||     2
       Staff             |       |    17 |   170 |   267 ||   454
       Trident           |       |       |   305 |       ||   305
 Cast: Freeze            |    30 |    11 |    63 |    93 ||   197
       Frozen Ramparts   |     2 |     8 |    40 |    63 ||   113
       Magic Dart        |       |       |    10 |    95 ||   105
       Hailstorm         |       |       |       |    13 ||    13
       Summon Ice Beast  |       |       |       |     7 ||     7
       Dazzling Flash    |       |       |       |     6 ||     6
 Abil: Breathe Noxious F |       |       |    18 |    29 ||    47
Evoke: Wand              |       |       |     9 |     4 ||    13
  Use: Potion            |       |       |     3 |     3 ||     6
       Scroll            |       |       |    11 |     2 ||    13
 Stab: Sleeping          |     6 |     1 |     6 |     4 ||    17
       Confused          |       |       |     2 |     6 ||     8
Armor: Skin              |    39 |    15 |   120 |    69 ||   243
Dodge: Dodged            |    80 |    45 |   409 |   381 ||   915
Block: Buckler           |       |       |    76 |    93 ||   169

Table legend: (Time is in decaauts)
 A = Elapsed time spent in this place.
 B = Non-inter-level travel time spent in this place.
 C = Inter-level travel time spent in this place.
 D = Time resting spent in this place.
 E = Time spent auto-exploring this place.
 F = Levels seen in this place.
 G = Mean time per level.
                   A        B        C        D        E       F      G
               +--------+--------+--------+--------+--------+-----+--------+
         Total |  18100 |  17654 |    446 |   4117 |   9856 |  16 | 1131.2 |
       Dungeon |  16189 |  15766 |    423 |   3351 |   9265 |  12 | 1349.1 |
        Temple |     84 |     61 |     23 |      0 |     60 |   1 |   84.0 |
         Abyss |    152 |    152 |      0 |      0 |     83 |   1 |  152.0 |
         Sewer |    327 |    327 |      0 |      0 |    205 |   1 |  327.0 |
       Ossuary |   1346 |   1346 |      0 |    766 |    243 |   1 | 1346.0 |
               +--------+--------+--------+--------+--------+-----+--------+

Top non-repeatable levels by time:
     D:9: 2146 daAuts
    D:11: 1960 daAuts
    D:10: 1799 daAuts
     D:4: 1642 daAuts
     D:7: 1534 daAuts
 Ossuary: 1346 daAuts
     D:6: 1334 daAuts
     D:5: 1255 daAuts
     D:2: 1206 daAuts
     D:1: 1081 daAuts
     D:8: 974 daAuts
     D:3: 677 daAuts
    D:12: 576 daAuts
   Sewer: 327 daAuts
 Abyss:1: 152 daAuts
